 Dungeon Crawl Stone Soup version 0.21-a0-153-g78480df (webtiles) character file.

844 Deathtrap2010 the Shield-Bearer (level 8, -3/48 HPs)
             Began as a Gargoyle Fighter on Aug 2, 2017.
             Killed by divine providence
             ... invoked by an orc priest
              (10 damage)
             ... on level 5 of the Dungeon.
             The game lasted 00:11:01 (2837 turns).

Deathtrap2010 the Shield-Bearer (Gargoyle Fighter)  Turns: 2837, Time: 00:11:02

Health: -3/48      AC: 21    Str: 21    XL:     8   Next: 0%
Magic:  8/8        EV:  6    Int: 12    God:
Gold:   322        SH: 10    Dex: 10    Spells: 7/7 levels left

rFire    . . .     SeeInvis .   a - +1 war axe
rCold    . . .     Gourm    .   c - +0 shield
rNeg     + . .     Faith    .   j - +0 chain mail
rPois    ∞         Spirit   .   (no helmet)
rElec    +         Reflect  .   e - scarf {repulsion}
rCorr    .         Harm     .   (no gloves)
MR       .....     Clarity  +   (no boots)
Stlth    ..........             (no amulet)
HPRegen  0.16/turn              n - +3 ring of intelligence
MPRegen  0.11/turn              (no ring)

@: repel missiles
A: molten scales 1, slimy green scales 1, thin metallic scales 1, clarity,
negative energy resistance 1, electricity resistance, unbreathing, petrification
resistance, rot immunity, AC +5
a: no special abilities


You were on level 5 of the Dungeon.
You were not hungry.

You visited 1 branch of the dungeon, and saw 5 of its levels.

You collected 322 gold pieces.

Inventory:

Hand Weapons
 a - a +1 war axe (weapon)
Armour
 c - a +0 shield (worn)
 e - a scarf of repulsion (worn)
 j - a +0 chain mail (worn)
Jewellery
 n - a +3 ring of intelligence (left hand)
Wands
 k - a wand of acid (9/15)
Scrolls
 b - a scroll of recharging
 i - a scroll of remove curse
 l - 3 scrolls of identify
Potions
 o - a potion of magic
Comestibles
 f - 5 bread rations
 g - 3 meat rations
 h - 4 royal jellies


   Skills:
 * Level 4.8 Fighting
 * Level 4.7 Axes
 * Level 5.1 Armour
 * Level 2.1 Dodging
 * Level 5.7 Shields


You had 7 spell levels left.
You didn't know any spells.

Dungeon Overview and Level Annotations

Branches:
Dungeon (5/15)
 Temple: D:4-7

Altars:
Ashenzari
Cheibriados


Innate Abilities, Weirdness & Mutations

You are resistant to torment.
Your stone body is resilient. (AC +5)
You are immune to poison.
You resist negative energy. (rN+)
You are resistant to electric shocks. (rElec)
You can survive without breathing.
You are immune to petrification.
You are immune to rotting.
You are partially covered in molten scales. (AC +2)
You are partially covered in slimy green scales. (AC +2)
You are partially covered in thin metallic scales. (AC +2)
You possess an exceptional clarity of mind.


Message History

The ooze barely misses you.
The quokka bites you but does no damage.
The orc priest hits you but does no damage.
You block the ooze's attack.
You see here a scorpion corpse.
You closely miss the quokka.
The quokka is lightly wounded.
You hit the ooze. You hit the orc priest. You block the quokka's attack.
The orc priest hits you but does no damage.
The ooze hits you but does no damage. You block the quokka's attack.
You barely miss the quokka.
Your shield and chain mail prevent you from hitting the orc priest.
You hit the ooze.
You kill the ooze!
You block the orc priest's attack. You block the quokka's attack.
You closely miss the quokka. You closely miss the orc priest.
The quokka bites you but does no damage.
The orc priest invokes the aid of Beogh against you.
Beogh smites you!
You die...

... ........###
... #..........
. ..
#.........# ..
.$ #.........#
... ^##........
.... ........
..... #.##..#
......#.##†.#
.......@r.<.#
........o...#
............#
#.##........# .
#.!........
.............
..#.....##....#
..#...(## .....


You could see an orc priest and a quokka.

Vanquished Creatures
  Grinder (D:4)
  Eustachio (D:4)
  Duvessa (D:4)
  An ogre (D:4)
  Dowan (D:4)
  A scorpion (D:5)
  An orc priest (D:3)
  An orc wizard (D:3)
  An iguana (D:4)
  Ijyb (D:3)
  4 adders
  An ooze (D:5)
  An adder skeleton (D:4)
  A worm (D:1)
  A dart slug (D:1)
  2 leopard geckos (D:3)
  7 orcs
  7 bats
  3 giant cockroaches (D:1)
  A goblin (D:2)
  7 hobgoblins
  4 jackals (D:3)
  2 ball pythons
  7 frilled lizards
  7 kobolds
  2 rats
67 creatures vanquished.

Notes
Turn   | Place    | Note
-------+----------+-------------------------------------------
     0 | D:1      | Deathtrap2010 the Gargoyle Fighter began the quest for the Orb.
     0 | D:1      | Reached XP level 1. HP: 14/14 MP: 1/1
    90 | D:1      | Reached XP level 2. HP: 14/19 MP: 2/2
   572 | D:1      | Reached XP level 3. HP: 23/23 MP: 3/3
  1198 | D:3      | Gained mutation: You are surrounded by a mild repulsion field. (EV +2) [potion of mutation]
  1198 | D:3      | Gained mutation: You are partially covered in large bone plates. (SH +4) [potion of mutation]
  1198 | D:3      | Gained mutation: Your mind is acute. (Int +2) [potion of mutation]
  1229 | D:3      | Reached XP level 4. HP: 26/29 MP: 4/4
  1232 | D:3      | HP: 1/29 [orc priest/nerve-wracking pain (5)]
  1234 | D:3      | Reached skill level 1 in Dodging
  1579 | D:3      | Reached XP level 5. HP: 24/33 MP: 5/5
  1810 | D:3      | Noticed Ijyb
  1837 | D:3      | Killed Ijyb
  1886 | D:3      | Lost mutation: You are surrounded by a mild repulsion field. (EV +2) [potion of mutation]
  1886 | D:3      | Lost mutation: You are partially covered in large bone plates. (SH +4) [potion of mutation]
  1886 | D:3      | Lost mutation: Your mind is acute. (Int +2) [potion of mutation]
  1886 | D:3      | Gained mutation: You are partially covered in slimy green scales. (AC +2) [potion of mutation]
  1886 | D:3      | Gained mutation: You possess an exceptional clarity of mind. [potion of mutation]
  1886 | D:3      | Gained mutation: You are partially covered in thin metallic scales. (AC +2) [potion of mutation]
  1886 | D:3      | Gained mutation: You are partially covered in molten scales. (AC +2) [potion of mutation]
  2169 | D:4      | Found a shattered altar of Ashenzari.
  2203 | D:4      | Noticed Grinder
  2215 | D:4      | Paralysed by Grinder for 6 turns
  2231 | D:4      | Paralysed by Grinder for 2 turns
  2239 | D:4      | Paralysed by Grinder for 3 turns
  2243 | D:4      | Paralysed by Grinder for 7 turns
  2254 | D:4      | Killed Grinder
  2254 | D:4      | Reached XP level 6. HP: 22/39 MP: 6/6
  2315 | D:4      | Noticed Duvessa
  2315 | D:4      | Noticed Dowan
  2329 | D:4      | Killed Duvessa
  2329 | D:4      | Reached skill level 5 in Shields
  2329 | D:4      | Reached XP level 7. HP: 28/44 MP: 7/7
  2333 | D:4      | Killed Dowan
  2421 | D:4      | Noticed Eustachio
  2551 | D:4      | Reached skill level 5 in Armour
  2605 | D:4      | Killed Eustachio
  2712 | D:4      | Found a snail-covered altar of Cheibriados.
  2822 | D:5      | Entered Level 5 of the Dungeon
  2833 | D:5      | Reached XP level 8. HP: 6/48 MP: 8/8
  2837 | D:5      | Killed from afar by an orc priest

Vault maps used:
D:1:      nicolae_arrival_memento_mori
D:3:      cheibrodos_pilgrimage, first_bread, uniq_ijyb
D:4:      nicolae_ashenzari_panopticon, nicolae_overflow_crystal_walls,
          uniq_grinder, uniq_eustachio, uniq_duvessa
D:5:      elyvilon_altar_1, lemuel_coloured_pillars_altar, lemuel_crystal_altar,
          minmay_temple_entry_large_hall, serial_shops, shop_fountains,
          uniq_edmund

Skill      XL: |  1  2  3  4  5  6  7 |
---------------+----------------------+-----
Axes           | 2 3 4 |  4.7
Dodging        | 1 2 |  2.1
Fighting       | 4 |  4.8
Shields        | 4 5 |  5.7
Armour         | 4 5 |  5.1

Action                   |  1- 3 |  4- 6 |  7- 9 || total
-------------------------+-------+-------+-------++-------
Melee: War axe           |   105 |   135 |    75 ||   315
  Use: Scroll            |     7 |       |     2 ||     9
       Potion            |     5 |     6 |     2 ||    13
  Eat: Bread ration      |     1 |     1 |       ||     2
Armor: Scale mail        |    67 |    41 |       ||   108
       Chain mail        |       |    39 |   131 ||   170
Dodge: Dodged            |    45 |    41 |    61 ||   147
       Deflected         |       |     3 |     1 ||     4
Block: Shield            |    61 |   109 |    93 ||   263
